 Dungeon Crawl Stone Soup version 0.30.0-18-gc0e69614cb (webtiles) character file.

Game seed: 3314014895451964037

1340 Brutalitops the Covert (level 8, -1/57 HPs)
             Began as a Vampire Fire Elementalist on May 24, 2023.
             Was an Elder of Lugonu.
             Succumbed to a water moccasin's poison
             ... on level 6 of the Dungeon.
             The game lasted 00:29:40 (6243 turns).

Brutalitops the Covert (Vampire Fire Elementalist)  Turns: 6243, Time: 00:29:41

Health: -1/57      AC:  9    Str:  7    XL:     8   Next: 35%
Magic:  20/20      EV: 11    Int: 17    God:    Lugonu [****..]
Gold:   304        SH:  0    Dex: 17    Spells: 11/11 levels left

rFire   . . .        u - +0 dagger (speed)
rCold   . . .        (no shield)
rNeg    . . .        v - +0 ring mail
rPois   .            o - +2 helmet
rElec   .            (no cloak)
rCorr   .            (no gloves)
SInv    +            f - +0 pair of boots
Will    .....        t - amulet of faith
Stlth   +++          l - ring of magical power
HPRegen 0.49/turn    n - ring of flight
MPRegen 0.17/turn

%: faith
@: lethally poisoned (-1 -> -15), about to teleport, flying, healing quickly
A: alive, fangs 3, see invisible, vampiric 2
a: Exsanguinate, Renounce Religion, Depart the Abyss, Banish, Corrupt


You were on level 6 of the Dungeon.
You worshipped Lugonu.
Lugonu was greatly pleased with you.
You visited 1 branch of the dungeon, and saw 8 of its levels.

You collected 304 gold pieces.

Inventory:

Hand Weapons
 c - a +1 dagger
 i - a +0 long sword
 j - a +0 short sword of freezing
 m - a +1 sling of flaming
 r - a +0 rapier
 u - a +0 dagger of speed (weapon)
Armour
 a - a +0 robe
 f - a +0 pair of boots (worn)
 h - a +0 scale mail
 o - a +2 helmet (worn)
 v - a +0 ring mail (worn)
Magical Staves
 y - a staff of conjuration
Jewellery
 l - a ring of magical power (left hand)
 n - a ring of flight (right hand)
 t - an amulet of faith (around neck)
Wands
 p - a wand of digging (4)
Scrolls
 d - a scroll of blinking
Potions
 b - 2 potions of magic
 e - 2 potions of haste
 g - a potion of brilliance
 k - 3 potions of flight
 q - a potion of mutation {unknown}
 x - a potion of degeneration {unknown}


   Skills:
 + Level 2.4 Fighting
 + Level 4.9 Short Blades
 + Level 2.2 Armour
 + Level 4.8 Dodging
 + Level 8.0 Stealth
 + Level 0.1 Unarmed Combat
 - Level 2.0 Spellcasting
 - Level 0.6 Conjurations
 - Level 2.4 Fire Magic
 * Level 4.2 Invocations


You had 11 spell levels left.
You didn't know any spells.
Your spell library contained the following spells:

 Spells                   Type           Power      Damage    Failure   Level
 Foxfire                  Conj/Fire      24%        2x1d5     34%         1
 Scorch                   Fire           18%        2d6       36%         2
 Inner Flame              Hex/Fire       5%         N/A       75%         3
 Volatile Blastmotes      Fire/Tloc      10%        2d10      75%         3
 Dazzling Flash           Conj/Hex       4%         N/A       86%         3
 Call Canine Familiar     Summ           1%         N/A       88%         3
 Portal Projectile        Hex/Tloc       2%         N/A       88%         3
 Flame Wave               Conj/Fire      6%         2d5       98%         4
 Leda's Liquefaction      Hex/Erth       0%         N/A       99%         4
 Agony                    Necr           1%         N/A       100%        5
 Silence                  Hex/Air        0%         N/A       100%        5
 Malign Gateway           Summ/Tloc      0%         N/A       100%        7
 Summon Horrible Things   Summ           0%         N/A       100%        8


Dungeon Overview and Level Annotations

Branches:
Dungeon (8/15)             Temple (0/1) D:4            Lair (0/5) D:8

Altars:
Fedhas
Kikubaaqudgha
Sif Muna
Vehumet
Lugonu

Annotations:
Abyss:1 Kranky's ghost, amateur TrWr


Innate Abilities, Weirdness & Mutations

Your natural rate of healing is accelerated.
You have razor-sharp teeth.
You have supernaturally acute eyesight. (SInv)
You are afflicted with vampirism and can become a bat while bloodless.


Message History

You barely miss the water moccasin.
The water moccasin is severely wounded.
The water moccasin bites you but does no damage.
You hit the water moccasin but do no damage.
The water moccasin is severely wounded.
You barely miss the water moccasin.
You bite the water moccasin, but do no damage.
The water moccasin is severely wounded.
The water moccasin bites you.
You closely miss the water moccasin.
The water moccasin is severely wounded.
The water moccasin bites you but does no damage.
You barely miss the water moccasin.
The water moccasin is severely wounded.
You closely miss the water moccasin.
The water moccasin is severely wounded.
The water moccasin bites you but does no damage.
You hit the water moccasin but do no damage.
The water moccasin is severely wounded.
The water moccasin barely misses you.
You closely miss the water moccasin. Your bite misses the water moccasin.
The water moccasin is severely wounded.
You hit the water moccasin but do no damage.
The water moccasin is severely wounded.
The water moccasin bites you.
* * * LOW HITPOINT WARNING * * *
As you read the scroll of teleportation, it crumbles to dust.
You feel strangely unstable. The water moccasin bites you.
* * * LOW HITPOINT WARNING * * *
You hit the water moccasin.
The water moccasin is severely wounded.
The water moccasin bites you.
* * * LOW HITPOINT WARNING * * *
You hit the water moccasin.
The water moccasin is almost dead.
The water moccasin bites you!
* * * LOW HITPOINT WARNING * * *
You are lethally poisoned!
The water moccasin poisons you!
You die...

#...............#
#.#
#...............#
#.#
#####+#.......###
#.#
#.........####.#
#######'###.#.....
#.......# #.......
#.####### ###..∩..
####'#### #......
#...@...# #......
#..S....# #......
#..........#
#......
#..........#
#......
#..........#
#####..
#..........# ##.
#....≈≈....# ##
#....§§.#### #.
#.......# #.


You could see a water moccasin.

Vanquished Creatures
  Eustachio (D:6)
  A water moccasin (D:5)
  2 ice beasts
  A black bear (D:6)
  A bullfrog (D:8)
  2 scorpions
  A hound (D:4)
  A jelly (D:5)
  2 sleepcaps (D:6)
  Jessica (D:2)
  3 iguanas (D:5)
  Robin (D:2)
  7 gnolls
  5 adders
  5 shadow imps
  3 white imps (D:6)
  3 ufetubi
  5 worms
  A dart slug (D:1)
  5 orcs
  8 ball pythons
  5 endoplasms
  6 giant cockroaches
  17 goblins
  13 hobgoblins
  10 kobolds
  A quokka (D:2)
  5 bats
  4 frilled lizards
  3 rats
123 creatures vanquished.

Vanquished Creatures (others)
  A human (D:4)
  2 foxfires (D:1)
3 creatures vanquished.

Grand Total: 126 creatures vanquished

Notes
Turn   | Place    | Note
-------+----------+-------------------------------------------
     0 | D:1      | Brutalitops the Vampire Fire Elementalist began the quest
                  | for the Orb.
     0 | D:1      | Reached XP level 1. HP: 13/13 MP: 3/3
    58 | D:1      | Found a faded altar of an unknown god.
    70 | D:1      | Prayed at the altar of an unknown god.
    70 | D:1      | Became a worshipper of Lugonu the Unformed
    70 | D:1      | Reached * piety under Lugonu
   240 | D:1      | Reached XP level 2. HP: 19/19 MP: 5/5
   353 | D:1      | Reached skill level 1 in Invocations
   643 | D:1      | Reached skill level 4 in Stealth
   839 | D:2      | Noticed Robin
   845 | D:1      | Gained mutation: You are afflicted with vampirism and can
                  | become a bat while bloodless. [Vampire growth]
   845 | D:1      | Reached XP level 3. HP: 18/24 MP: 6/6
   873 | D:2      | Noticed Jessica
  1065 | D:1      | Reached ** piety under Lugonu
  1128 | D:2      | Killed Jessica
  1129 | D:2      | Reached skill level 5 in Stealth
  1129 | D:2      | Reached XP level 4. HP: 21/30 MP: 7/7
  1161 | D:2      | Reached skill level 1 in Short Blades
  1866 | D:2      | Killed Robin
  1867 | D:2      | Reached XP level 5. HP: 10/36 MP: 8/8
  2278 | D:3      | Reached skill level 1 in Fighting
  2398 | D:3      | Found a radiant altar of Vehumet.
  2556 | D:3      | Reached *** piety under Lugonu
  2737 | D:3      | Found a large runed translucent door.
  2737 | D:3      | Found a large runed translucent door.
  2749 | D:3      | Noticed Kranky's ghost (amateur TrWr)
  2892 | D:3      | Banished Kranky's ghost
  2893 | D:3      | Reached skill level 6 in Stealth
  2893 | D:3      | Reached XP level 6. HP: 31/43 MP: 9/9
  3503 | D:4      | Found an ancient bone altar of Kikubaaqudgha.
  3504 | D:4      | Noticed a human
  3508 | D:4      | Killed a human
  3629 | D:4      | Found a staircase to the Ecumenical Temple.
  4085 | D:5      | Entered Level 5 of the Dungeon
  4272 | D:5      | Noticed a water moccasin
  4288 | D:5      | Killed a water moccasin
  4289 | D:5      | Reached skill level 7 in Stealth
  4289 | D:5      | Reached XP level 7. HP: 42/48 MP: 10/10
  4625 | D:5      | Found a shimmering blue altar of Sif Muna.
  5423 | D:6      | Noticed Eustachio
  5466 | D:6      | Killed Eustachio
  5467 | D:6      | Reached skill level 1 in Armour
  5551 | D:6      | You are sucked into a shaft and drop 2 floors!
  5587 | D:8      | Found a blossoming altar of Fedhas.
  5616 | D:8      | Noticed a steam dragon
  5676 | D:8      | Found a staircase to the Lair.
  5795 | D:8      | Reached XP level 8. HP: 29/56 MP: 11/11
  5832 | D:8      | Reached **** piety under Lugonu
  5971 | D:6      | Reached skill level 8 in Stealth
  6242 | D:6      | HP: 2/57 [water moccasin (8)]
  6243 | D:6      | Succumbed to a water moccasin's poison

Illustrated notes

Levels and vault maps discovered:
D:1:      eino_arrival_cavern_d, layout_loops_ring,
          ebering_ecumenical_altar_sacrificial
D:2:      layout_loops_ring, serial_bayou_pond_b, uniq_jessica, uniq_robin
D:3:      layout_basic, mainiacjoe_overflow_alcove_2,
          ebering_ghost_disaster_area
D:4:      layout_layer_cave, tgw_kikubaaqudgha,
          minmay_temple_entry_enclosed_plants, kennysheep_cross_room,
          minmay_misc_feat_alley
D:5:      layout_loops_ring, mainiacjoe_overflow_catwalk, led_sif_book
D:6:      layout_basic, worldfamousw_hep_ancestral_shrine, ashenzari_altar_1,
          mainiacjoe_overflow_cross_hatched, lightli_temple_of_fire,
          serial_demonic, serial_demonic_a, serial_demonic_g, serial_demonic_d,
          serial_demonic_b, uniq_eustachio
D:7:      layout_gridville, kennysheep_mini, mainiacjoe_overflow_alcove_1,
          uniq_duvessa
D:8:      layout_gridville, grunt_temple_overflow_opulence,
          mainiacjoe_overflow_chevrons, lair_entry_dummy, uniq_grum, uniq_erica

Skill      XL: |  1  2  3  4  5  6  7  8 |
---------------+-------------------------+-----
Invocations    | 1 2 3 4 |  4.2
Stealth        | 4 5 6 7 8 |  8.0
Short Blades   | 1 2 3 4 |  4.9
Dodging        | 3 4 |  4.8
Fighting       | 1 2 |  2.4
Armour         | 1 2 |  2.2
Unarmed Combat | |  0.1
Spellcasting   | |  2.0
Conjurations   | |  0.6
Fire Magic     | |  2.4

Action                     |  1- 3 |  4- 6 |  7- 9 || total
---------------------------+-------+-------+-------++-------
  Melee: Dagger            |   120 |   147 |   255 ||   522
         Bite              |    12 |    39 |    57 ||   108
         Unarmed           |     3 |       |       ||     3
         Punch             |     3 |       |     3 ||     6
         Short sword       |       |   125 |   169 ||   294
   Cast: Foxfire           |     2 |       |       ||     2
 Invoke: Banish            |       |     1 |     1 ||     2
    Use: Scroll            |     8 |     8 |     4 ||    20
         Potion            |       |     3 |     4 ||     7
   Stab: Sleeping          |     5 |    16 |     5 ||    26
 Armour: Robe              |    15 |    93 |       ||   108
         Ring mail         |       |     2 |   136 ||   138
  Dodge: Dodged            |    73 |   222 |   150 ||   445
